AoeStats
← dailing510

Arena

509866601Analyzed
4v4 RM · 3d ago on Sep 28, 2026· 47m 23s· 8 players
Game mode
Random Map
Map size
Large (8 player)
Population
200
Speed
Normal
Resources
Standard
Victory
Conquest
Starting age
Dark Age
Ending age
Imperial Age
RankedLock teamsTeams togetherTeam positionsShared explorationLock speedFull tech treeHidden civsTurbo modeCheats
Victory
Defeat
🇮🇹 Maya · Italy
1090
+12
🇹🇼 Inca · Taiwan
1066
+13
🇨🇳 Khmer · China
1060
+13
🇹🇼 Danes · Taiwan
1000
+16
🇹🇼 Persians · Taiwan
1047
-15
🇨🇴 Burgundians · Colombia
1016
-14
🇨🇳 Khmer · China
980
-13
🇫🇷 Britons · France
965
-12
hmora
10:14 Feudal Age
10:14 Double-Bit Axe
10:12 Horse Collar
12:09 Bow Saw
13:38 Loom
18:37 Castle Age
16:31 Gold Mining
17:06 Scale Barding Armor
17:10 Heavy Plow
18:15 Gold Shaft Mining
21:08 Wheelbarrow
23:06 Cavalier
23:46 Husbandry
24:45 Chain Barding Armor
24:36 Forging
25:30 Hand Cart
32:28 Padded Archer Armor
32:19 Fletching
33:05 Iron Casting
33:25 Leather Archer Armor
33:21 Burgundian Vineyards
35:48 Imperial Age
33:08 Elite Skirmisher
36:00 Paladin
37:04 Conscription
37:22 Bodkin Arrow
38:03 Plate Barding Armor
43:58 Light Cavalry
46:32 Chemistry
45:08 Capped Ram
46:23 Stone Mining
47:37 Two-Man Saw
47:10 Crop Rotation
46:25 Hussar
Arno l'architecte
4:45 Loom
13:20 Feudal Age
21:40 Castle Age
19:39 Horse Collar
19:46 Double-Bit Axe
20:09 Stone Mining
21:06 Gold Mining
21:40 Fletching
21:57 Padded Archer Armor
24:52 Ballistics
34:58 Imperial Age
33:06 Wheelbarrow
33:08 Bow Saw
35:09 Yeomen
36:11 Hand Cart
36:53 Conscription
39:46 Gold Shaft Mining
40:36 Two-Man Saw
39:35 Bodkin Arrow
39:56 Leather Archer Armor
40:43 Chemistry
39:55 Fortified Wall
39:56 Masonry
39:51 Siege Engineers
40:57 Heavy Plow
41:04 Bracer
43:37 Ring Archer Armor
心死就在一瞬間
10:52 Feudal Age
12:05 Loom
15:23 Castle Age
14:18 Stone Mining
14:20 Gold Mining
14:45 Double-Bit Axe
20:34 Bow Saw
31:23 Horse Collar
41:09 Pikeman
41:50 Squires
43:30 Heavy Plow
44:07 Scale Barding Armor
44:03 Scale Mail Armor
46:34 Wheelbarrow
47:22 Chain Barding Armor
電動遊戯
8:50 Feudal Age
13:26 Castle Age
13:46 Loom
13:58 Double-Bit Axe
16:14 Fervor
22:33 Bow Saw
24:49 Wheelbarrow
27:16 Stone Mining
30:51 Imperial Age
28:50 Bloodlines
28:40 Husbandry
30:24 Hand Cart
31:15 Town Watch
32:29 Fortified Wall
32:39 Ballistics
33:20 Fletching
33:36 Scale Barding Armor
34:05 Forging
34:03 Town Patrol
33:54 Gold Mining
34:43 Stone Shaft Mining
34:23 Bodkin Arrow
34:34 Siege Engineers
34:24 Murder Holes
35:30 Chemistry
34:29 Horse Collar
34:26 Capped Ram
35:48 Chain Barding Armor
35:40 Masonry
36:22 Gold Shaft Mining
36:24 Iron Casting
35:20 Siege Ram
36:26 Bracer
37:33 Conscription
37:20 Double Crossbow
36:40 Elite Ballista Elephant
39:27 Plate Barding Armor
45:38 Light Cavalry
47:18 Hoardings
dailing510
10:50 Feudal Age
15:56 Castle Age
16:42 Double-Bit Axe
17:18 Arson
17:49 Loom
25:40 Masonry
26:18 Bow Saw
28:38 Wheelbarrow
28:34 Thumb Ring
27:49 Elite Skirmisher
29:57 Fletching
30:37 Padded Archer Armor
32:00 Forging
31:46 Bodkin Arrow
34:45 Squires
34:30 Gambesons
34:06 Pikeman
42:05 Gold Mining
42:06 Stone Mining
43:29 Horse Collar
48:42 Imperial Age
46:30 Hand Cart
46:03 Town Watch
46:43 Hamask
king vitt
0:28 Loom
15:04 Feudal Age
16:22 Wheelbarrow
15:35 Double-Bit Axe
15:33 Horse Collar
22:03 Castle Age
22:01 Stone Mining
22:03 Gold Mining
23:40 Hand Cart
23:37 Bow Saw
23:29 Heavy Plow
25:31 Stone Shaft Mining
25:34 Gold Shaft Mining
28:47 Ballistics
28:56 Scale Barding Armor
33:08 Imperial Age
30:43 Town Watch
31:59 Chain Barding Armor
33:17 Husbandry
33:27 Bloodlines
33:30 Forging
33:33 Fortified Wall
33:48 Town Patrol
33:38 Elite Ballista Elephant
34:40 Conscription
34:07 Heavy Scorpion
36:01 Chemistry
34:45 Light Cavalry
36:02 Plate Barding Armor
36:20 Double Crossbow
36:30 Siege Engineers
37:25 Iron Casting
37:38 Hoardings
40:51 Blast Furnace
40:45 Hussar
42:17 Masonry
42:03 Murder Holes
45:01 Architecture
爺爺使把勁
11:09 Feudal Age
15:55 Castle Age
14:41 Double-Bit Axe
14:39 Horse Collar
16:57 Wheelbarrow
16:50 Heavy Plow
19:47 Champi Runner
21:05 Champi Warrior
22:21 Scale Mail Armor
23:40 Forging
24:54 Squires
28:01 Wheelbarrow
28:26 Iron Casting
28:06 Chain Mail Armor
28:14 Pikeman
29:22 Chain Mail Armor
37:46 Imperial Age
36:25 Arson
37:52 Bow Saw
37:32 Gold Mining
37:33 Stone Mining
39:06 Hand Cart
40:11 Blast Furnace
39:41 Plate Mail Armor
39:23 Halberdier
39:53 Town Watch
42:30 Crop Rotation
42:22 Fabric Shields
43:21 Elite Champi Warrior
44:59 Fabric Shields
44:50 Elite Kamayuk
47:16 Gold Shaft Mining
47:17 Stone Shaft Mining
Francescosti
12:40 Feudal Age
15:08 Horse Collar
18:02 Castle Age
15:53 Double-Bit Axe
17:09 Gold Mining
18:59 Wheelbarrow
19:20 Bow Saw
20:58 Loom
26:11 Fletching
26:46 Padded Archer Armor
28:45 Bodkin Arrow
29:06 Leather Archer Armor
33:13 Imperial Age
31:28 Forging
31:18 Scale Mail Armor
32:06 Hand Cart
31:36 Town Watch
31:52 Stone Mining
32:10 Squires
31:55 Arson
33:34 Iron Casting
33:14 Chain Mail Armor
33:29 Heavy Plow
33:38 Eagle Warrior
35:35 Thumb Ring
36:17 Bracer
38:10 Blast Furnace
37:40 Plate Mail Armor
37:34 Ballistics
38:38 Conscription
38:41 Elite Eagle Warrior
39:02 Elite Plumed Archer
46:05 Stone Shaft Mining
46:30 Holcans
Connection lost

Rejoining the realm…

Still unreachable

The connection could not be restored.

Session expired

The server has moved on; the page needs a fresh start.